PL
HOLLYWOOD SHREDDERS @ LAS VEGAS FLAMINGOS
08/08/2039
 
TOP OF THE 1ST
Hollywood Shredders batting - Pitching for Las Vegas Flamingos : RHP Hikaru Yamaguchi
Pitching: RHP Hikaru Yamaguchi
Batting: LHB Chris Payling 0-0: Called Strike
0-1: Called Strike
0-2: Ball
1-2: SINGLE (Line Drive, 3D, EV 109.4 MPH)
Batting: RHB Ramón Rodríguez 0-0: Ball
1-0: Called Strike
1-1: Grounds into double play, 5-4-3 (Groundball, 56, EV 96.2 MPH)
Batting: LHB Kanko Umaba 0-0: Swinging Strike
0-1: Called Strike
0-2: Ball
1-2: Ball
2-2: Ball
3-2: Foul Ball, location: 2F
3-2: SOLO HOME RUN (Line Drive, 9D, EV 99.4 MPH), Distance : 382 ft
Batting: RHB Baldomero Avino 0-0: Foul Ball, location: 2F
0-1: Swinging Strike
0-2: Ball
1-2: Strikes out looking
Top of the 1st over - 1 run, 2 hits, 0 errors, 0 left on base; Hollywood 1 - Las Vegas 0
BOTTOM OF THE 1ST
Las Vegas Flamingos batting - Pitching for Hollywood Shredders : RHP Matthew Fallows
Pitching: RHP Matthew Fallows
Batting: RHB Sake van Arem 0-0: Called Strike
0-1: SINGLE (Groundball, 6D, EV 105.0 MPH)
Batting: LHB Juan Jose Hernández 0-0: Grounds into double play, 4-6-3 (Groundball, 34, EV 110.0 MPH)
Batting: LHB Chan-ho Shinn 0-0: Foul Ball, location: 2F
0-1: Ball
1-1: Ball
2-1: Swinging Strike
2-2: Foul Ball, location: 2F
2-2: Ball
3-2: Base on Balls
Batting: LHB Lao Tian 0-0: Ball
1-0: Called Strike
1-1: Foul Ball, location: 2F
1-2: Ball
2-2: Fly out, F7 (Flyball, 7D, EV 104.4 MPH)
Bottom of the 1st over - 0 runs, 1 hit, 0 errors, 1 left on base; Hollywood 1 - Las Vegas 0
TOP OF THE 2ND
Hollywood Shredders batting - Pitching for Las Vegas Flamingos : RHP Hikaru Yamaguchi
Batting: RHB Orlando Velásquez 0-0: Swinging Strike
0-1: Foul Ball, location: 2F
0-2: Ball
1-2: Strikes out swinging
Batting: RHB Guillermo Coss 0-0: Called Strike
0-1: Ball
1-1: Ball
2-1: Called Strike
2-2: Strikes out looking
Batting: RHB James Hemwick 0-0: DOUBLE (Groundball, 3L, EV 110.0 MPH)
Batting: LHB Divine Diablo 0-0: Ball
1-0: SINGLE (Groundball, 4MD, EV 98.8 MPH)
James Hemwick to third
Runner from 3rd tries for Home, SAFE, throw by CF to home
Divine Diablo to second
Batting: RHB Sayed Walid 0-0: Ball
1-0: Called Strike
1-1: Ball
2-1: Foul Ball, location: 2F
2-2: Foul Ball, location: 2F
2-2: Foul Ball, location: 2F
2-2: Fly out, F4 (Popup, 3S, EV 75.0 MPH)
Top of the 2nd over - 1 run, 2 hits, 0 errors, 1 left on base; Hollywood 2 - Las Vegas 0
BOTTOM OF THE 2ND
Las Vegas Flamingos batting - Pitching for Hollywood Shredders : RHP Matthew Fallows
Batting: LHB Cisco Hernández 0-0: Fly out, F8 (Line Drive, 8RS, EV 90.0 MPH)
Batting: LHB Adrián Gómez 0-0: Ball
1-0: Called Strike
1-1: Ball
2-1: Called Strike
2-2: DOUBLE (Line Drive, 78M, EV 96.9 MPH)
Batting: RHB Jody Clark 0-0: Called Strike
0-1: Foul Ball, location: 2F
0-2: Strikes out swinging
Batting: RHB Esteban León 0-0: Fly out, F9 (Flyball, 89M, EV 72.5 MPH)
Bottom of the 2nd over - 0 runs, 1 hit, 0 errors, 1 left on base; Hollywood 2 - Las Vegas 0
TOP OF THE 3RD
Hollywood Shredders batting - Pitching for Las Vegas Flamingos : RHP Hikaru Yamaguchi
Batting: LHB Chris Payling 0-0: Ground out 4-3 (Groundball, 4, EV 96.9 MPH)
Batting: RHB Ramón Rodríguez 0-0: Fly out, F7 (Flyball, 7LMF, EV 71.9 MPH)
Batting: LHB Kanko Umaba 0-0: Called Strike
0-1: Ball
1-1: Swinging Strike
1-2: Ball
2-2: Fly out, F7 (Flyball, 7LM, EV 105.0 MPH)
Top of the 3rd over - 0 runs, 0 hits, 0 errors, 0 left on base; Hollywood 2 - Las Vegas 0
BOTTOM OF THE 3RD
Las Vegas Flamingos batting - Pitching for Hollywood Shredders : RHP Matthew Fallows
Batting: RHB Freedon Akinmoladun 0-0: Foul Ball, location: 2F
0-1: Ball
1-1: Ground out 6-3 (Groundball, 6, EV 83.1 MPH)
Batting: RHB Sake van Arem 0-0: Foul Ball, location: 2F
0-1: Ball
1-1: Ball
2-1: Ball
3-1: Called Strike
3-2: Strikes out swinging
Batting: LHB Juan Jose Hernández 0-0: Reached on error, E3 (Groundball, 3, EV 92.5 MPH)
Batting: LHB Chan-ho Shinn 0-0: Fielders Choice at 2nd, 6-4 (Groundball, 6, EV 88.1 MPH)
Bottom of the 3rd over - 0 runs, 0 hits, 1 error, 1 left on base; Hollywood 2 - Las Vegas 0
TOP OF THE 4TH
Hollywood Shredders batting - Pitching for Las Vegas Flamingos : RHP Hikaru Yamaguchi
Batting: RHB Baldomero Avino 0-0: Ball
1-0: Ball
2-0: Called Strike
2-1: Foul Ball, location: 2F
2-2: Strikes out swinging
Batting: RHB Orlando Velásquez 0-0: Ball
1-0: Foul Ball, location: 2F
1-1: Foul Ball, location: 2F
1-2: SINGLE (Line Drive, 9LS, EV 93.8 MPH)
Batting: RHB Guillermo Coss 0-0: Called Strike
0-1: Ball
1-1: SINGLE (Groundball, 56D, EV 104.4 MPH)
Orlando Velásquez to second
Orlando Velásquez to third
Batting: RHB James Hemwick 0-0: SINGLE (Line Drive, 34D, EV 95.0 MPH)
Orlando Velásquez scores
Guillermo Coss to second
Runner from 2nd tries for 3rd, SAFE, throw by RF made to third
Batting: LHB Divine Diablo 0-0: DOUBLE (Line Drive, 89D, EV 110.0 MPH)
Guillermo Coss scores
James Hemwick to third
Batting: RHB Sayed Walid 0-0: Ball
1-0: Called Strike
1-1: Called Strike
1-2: Foul Ball, location: 2F
1-2: Ball
2-2: Strikes out swinging
Batting: LHB Chris Payling 0-0: Foul Ball, location: 2F
0-1: SINGLE (Flyball, 8RS, EV 91.2 MPH)
James Hemwick scores
Divine Diablo to third
Runner from 3rd tries for Home, SAFE, throw by CF to home
Pitching: RHP Javier Castillo
Batting: RHB Ramón Rodríguez 0-0: Ball
1-0: Called Strike
1-1: Fielders Choice at 2nd, 6-4 (Groundball, 6, EV 105.0 MPH)
Top of the 4th over - 4 runs, 5 hits, 0 errors, 1 left on base; Hollywood 6 - Las Vegas 0
BOTTOM OF THE 4TH
Las Vegas Flamingos batting - Pitching for Hollywood Shredders : RHP Matthew Fallows
Batting: LHB Lao Tian 0-0: Called Strike
0-1: Foul Ball, location: 2F
0-2: Ball
1-2: Ball
2-2: Foul Ball, location: 2F
2-2: Ball
3-2: Base on Balls
Batting: LHB Cisco Hernández 0-0: SINGLE (Groundball, 34D, EV 96.9 MPH)
Lao Tian to second
Runner from 2nd tries for 3rd, SAFE, throw by RF made to third
Batting: LHB Adrián Gómez 0-0: Ball
1-0: Foul Ball, location: 2F
1-1: Ball
2-1: Ball
3-1: 3-RUN HOME RUN (Flyball, 89XD, EV 96.2 MPH), Distance : 420 ft
Batting: RHB Jody Clark 0-0: Called Strike
0-1: Called Strike
0-2: Foul Ball, location: 2F
0-2: Ball
1-2: Ball
2-2: Foul Ball, location: 2F
2-2: Ball
3-2: Strikes out looking
Batting: RHB Esteban León 0-0: Ball
1-0: Ball
2-0: Fly out, F8 (Line Drive, 8RM, EV 100.0 MPH)
Batting: RHB Freedon Akinmoladun 0-0: Ground out 4-3 (Groundball, 4, EV 88.1 MPH)
Bottom of the 4th over - 3 runs, 2 hits, 0 errors, 0 left on base; Hollywood 6 - Las Vegas 3
TOP OF THE 5TH
Hollywood Shredders batting - Pitching for Las Vegas Flamingos : RHP Javier Castillo
Batting: LHB Kanko Umaba 0-0: Foul Ball, location: 2F
0-1: Swinging Strike
0-2: Ball
1-2: Ball
2-2: Foul Ball, location: 2F
2-2: Fly out, F8 (Flyball, 8RD, EV 103.8 MPH)
Batting: RHB Baldomero Avino 0-0: Ball
1-0: Called Strike
1-1: Ball
2-1: Foul Ball, location: 2F
2-2: Ball
3-2: Base on Balls
Batting: RHB Orlando Velásquez 0-0: Foul Ball, location: 2F
0-1: Ball
1-1: Fly out, F9 (Flyball, 9LSF, EV 76.9 MPH)
Batting: RHB Guillermo Coss 0-0: SINGLE (Groundball, 34D, EV 107.5 MPH)
Baldomero Avino to second
Runner from 2nd tries for 3rd, OUT! 9-5
Top of the 5th over - 0 runs, 1 hit, 0 errors, 1 left on base; Hollywood 6 - Las Vegas 3
BOTTOM OF THE 5TH
Las Vegas Flamingos batting - Pitching for Hollywood Shredders : RHP Matthew Fallows
Batting: RHB Sake van Arem 0-0: Ball
1-0: Swinging Strike
1-1: SINGLE (Flyball, 9LS, EV 88.1 MPH)
Batting: LHB Juan Jose Hernández 0-0: Ball
1-0: Ball
2-0: Ball
3-0: Ground out 6-3 (Groundball, 4, EV 86.9 MPH)
Sake van Arem to second
Batting: LHB Chan-ho Shinn 0-0: Ball
1-0: Foul Ball, location: 2F
1-1: Fly out, F3 (Popup, 23F, EV 90.6 MPH)
Batting: LHB Lao Tian 0-0: Hit by Pitch
Batting: LHB Cisco Hernández 0-0: Ball
1-0: Called Strike
1-1: Foul Ball, location: 2F
1-2: Ball
2-2: Fielders Choice at 2nd, 6-4 (Groundball, 6, EV 81.2 MPH)
Bottom of the 5th over - 0 runs, 1 hit, 0 errors, 2 left on base; Hollywood 6 - Las Vegas 3
TOP OF THE 6TH
Hollywood Shredders batting - Pitching for Las Vegas Flamingos : RHP Javier Castillo
Batting: RHB James Hemwick 0-0: SINGLE (Flyball, 89M, EV 91.2 MPH)
Batting: LHB Divine Diablo 0-0: Fielders Choice at 2nd, 4-6 (Groundball, 4, EV 85.6 MPH)
Batting: RHB Sayed Walid 0-0: Called Strike
0-1: Swinging Strike
0-2: Strikes out swinging
Batting: LHB Chris Payling 0-0: Ball
1-0: Ball
2-0: Foul Ball, location: 2F
2-1: Fly out, F8 (Flyball, 8LM, EV 82.5 MPH)
Top of the 6th over - 0 runs, 1 hit, 0 errors, 1 left on base; Hollywood 6 - Las Vegas 3
BOTTOM OF THE 6TH
Las Vegas Flamingos batting - Pitching for Hollywood Shredders : RHP Matthew Fallows
Batting: LHB Adrián Gómez 0-0: Ground out 1-3 (Groundball, 34S, EV 88.1 MPH)
Batting: RHB Jody Clark 0-0: Called Strike
0-1: Foul Ball, location: 2F
0-2: Strikes out swinging
Batting: RHB Esteban León 0-0: Ball
1-0: Ball
2-0: Ball
3-0: Base on Balls
Batting: RHB Freedon Akinmoladun 0-0: Ball
1-0: Fly out, F8 (Flyball, 89D, EV 91.9 MPH)
Bottom of the 6th over - 0 runs, 0 hits, 0 errors, 1 left on base; Hollywood 6 - Las Vegas 3
TOP OF THE 7TH
Hollywood Shredders batting - Pitching for Las Vegas Flamingos : RHP Javier Castillo
Batting: RHB Ramón Rodríguez 0-0: Ball
1-0: Called Strike
1-1: Ball
2-1: Swinging Strike
2-2: Fly out, F8 (Flyball, 78S, EV 90.6 MPH)
Batting: LHB Kanko Umaba 0-0: Called Strike
0-1: Ball
1-1: Foul Ball, location: 2F
1-2: Strikes out swinging
Batting: RHB Baldomero Avino 0-0: SINGLE (Groundball, 4MD, EV 110.6 MPH)
Batting: RHB Orlando Velásquez 0-0: Swinging Strike
0-1: Swinging Strike
0-2: Ball
1-2: Strikes out swinging
Top of the 7th over - 0 runs, 1 hit, 0 errors, 1 left on base; Hollywood 6 - Las Vegas 3
BOTTOM OF THE 7TH
Las Vegas Flamingos batting - Pitching for Hollywood Shredders : RHP Matthew Fallows
Batting: RHB Sake van Arem 0-0: DOUBLE (Flyball, 8LD, EV 102.5 MPH)
Batting: LHB Juan Jose Hernández 0-0: Ball
1-0: Foul Ball, location: 2F
1-1: Ball
2-1: Ground out 6-3 (Groundball, 6, EV 80.6 MPH)
Sake van Arem to third
Batting: LHB Chan-ho Shinn 0-0: Ball
1-0: Fly out, F7 (Flyball, 7S, EV 93.8 MPH)
Runner from 3rd tags up, OUT at HOME! 7-2
Bottom of the 7th over - 0 runs, 1 hit, 0 errors, 0 left on base; Hollywood 6 - Las Vegas 3
TOP OF THE 8TH
Hollywood Shredders batting - Pitching for Las Vegas Flamingos : RHP Javier Castillo
Batting: RHB Guillermo Coss 0-0: Called Strike
0-1: Ball
1-1: Ball
2-1: Fly out, F8 (Flyball, 8LD, EV 95.6 MPH)
Batting: RHB James Hemwick 0-0: Ball
1-0: Ball
2-0: SINGLE (Line Drive, 78M, EV 107.5 MPH)
Batting: LHB Divine Diablo 0-0: Called Strike
0-1: Ball
1-1: Ball
2-1: SINGLE (Groundball, 34D, EV 102.5 MPH)
James Hemwick to second
Runner from 2nd tries for 3rd, SAFE, throw by RF made to third
Pitching: RHP Ryan Peterson
Batting: RHB Sayed Walid 0-0: Ball
1-0: Ground out U3 (Groundball, 34S, EV 86.2 MPH)
Divine Diablo to second
Batting: LHB Chris Payling 0-0: Ball
1-0: Ground out 5-3 (Groundball, 5, EV 82.5 MPH)
Top of the 8th over - 0 runs, 2 hits, 0 errors, 2 left on base; Hollywood 6 - Las Vegas 3
BOTTOM OF THE 8TH
Las Vegas Flamingos batting - Pitching for Hollywood Shredders : RHP Matthew Fallows
Batting: LHB Lao Tian 0-0: Ball
1-0: Called Strike
1-1: Foul Ball, location: 2F
1-2: Fly out, F9 (Flyball, 9S, EV 89.4 MPH)
Batting: LHB Cisco Hernández 0-0: Ball
1-0: Ground out 3-1 (Groundball, 34, EV 101.2 MPH)
Batting: LHB Adrián Gómez 0-0: Ball
1-0: Foul Ball, location: 2F
1-1: Swinging Strike
1-2: Strikes out looking
Bottom of the 8th over - 0 runs, 0 hits, 0 errors, 0 left on base; Hollywood 6 - Las Vegas 3
TOP OF THE 9TH
Hollywood Shredders batting - Pitching for Las Vegas Flamingos : RHP Ryan Peterson
Batting: RHB Ramón Rodríguez 0-0: Called Strike
0-1: Ball
1-1: Called Strike
1-2: Reached on error, E5 (Groundball, 5S, EV 88.1 MPH)
Batting: LHB Kanko Umaba 0-0: Called Strike
0-1: Fly out, F8 (Flyball, 8LXD, EV 98.8 MPH)
Runner from 2nd tags up, SAFE at 3rd, no throw by CF
Batting: RHB Baldomero Avino 0-0: Fly out, F8 (Flyball, 8LS, EV 91.9 MPH)
Batting: RHB Orlando Velásquez 0-0: Ball
1-0: Ball
2-0: Ball
3-0: Base on Balls
Batting: RHB Guillermo Coss 0-0: Ball
1-0: Ball
2-0: Fly out, F1 (Line Drive, P, EV 69.4 MPH)
Top of the 9th over - 0 runs, 0 hits, 1 error, 2 left on base; Hollywood 6 - Las Vegas 3
BOTTOM OF THE 9TH
Las Vegas Flamingos batting - Pitching for Hollywood Shredders : RHP Matthew Fallows
Pitching: RHP Mark Valle
Batting: RHB Jody Clark 0-0: Foul Ball, location: 2F
0-1: Swinging Strike
0-2: Ball
1-2: Foul Ball, location: 2F
1-2: Ball
2-2: Strikes out swinging
Batting: RHB Esteban León 0-0: Ground out 5-3 (Groundball, 56, EV 99.4 MPH)
Batting: RHB Freedon Akinmoladun 0-0: Called Strike
0-1: Foul Ball, location: 2F
0-2: Ball
1-2: Strikes out swinging
Bottom of the 9th over - 0 runs, 0 hits, 0 errors, 0 left on base; Hollywood 6 - Las Vegas 3
Wednesday, July 8th, 2020 - OOTP Baseball 20.8 Build 74